 Dungeon Crawl Stone Soup version 0.21.1-1-g345015f (console) character file.

59 fly the Cudgeler (level 4, 0/33 HPs)
             Began as a Human Skald on June 5, 2018.
             Slain by Natasha (5 damage)
             ... on level 2 of the Dungeon.
             The game lasted 00:01:18 (822 turns).

fly the Cudgeler (Human Skald)                       Turns: 822, Time: 00:01:19

Health: 0/33       AC:  5    Str: 13    XL:     4   Next: 22%
Magic:  6/7        EV: 11    Int: 13    God:
Gold:   73         SH:  0    Dex: 12    Spells: 6/7 levels left

rFire    . . .     SeeInvis .   a - +0 mace
rCold    . . .     Gourm    .   (no shield)
rNeg     . . .     Faith    .   y - +0 ring mail
rPois    .         Spirit   .   (no helmet)
rElec    .         Reflect  .   (no cloak)
rCorr    .         Harm     .   (no gloves)
MR       .....                  (no boots)
Stlth    +.........             (no amulet)
HPRegen  0.11/turn              (no ring)
MPRegen  0.10/turn              (no ring)

@: infused (expiring), slowed, very slow
A: no striking features
a: no special abilities


You were on level 2 of the Dungeon.
You were not hungry.

You visited 1 branch of the dungeon, and saw 2 of its levels.

You collected 73 gold pieces.

Inventory:

Hand Weapons
 a - a +0 mace (weapon)
Armour
 y - a +0 ring mail (worn)
Scrolls
 g - a scroll of magic mapping {unknown}
 h - a scroll of teleportation {unknown}
 i - a scroll of fear {unknown}
 l - a scroll of remove curse {unknown}
 m - a scroll of noise {unknown}
Potions
 b - a potion of curing {unknown}
 e - 2 potions of lignification {unknown}
 f - a potion of invisibility
 j - 2 potions of haste {unknown}
Books
 c - a book of Battle

   Spells                             Type                      Level
   a - Infusion                       Charms                       1
   b - Shroud of Golubria             Charms/Translocation         2
   c - Song of Slaying                Charms                       2
   d - Spectral Weapon                Hexes/Charms                 3
   e - Regeneration                   Charms/Necromancy            3
Comestibles
 d - 4 rations
 k - 2 chunks of flesh


   Skills:
 - Level 2.0 Fighting
 + Level 4.2 Maces & Flails
 - Level 1.0 Armour
 - Level 2.0 Dodging
 - Level 2.0 Spellcasting
 - Level 3.0 Charms


You had 6 spell levels left.
You knew the following spells:

 Your Spells              Type           Power        Failure   Level  Hunger
z - Infusion              Chrm           #...         16%         1    ##.....


Dungeon Overview and Level Annotations

Branches:
Dungeon (2/15)

Altars:

Annotations:
D:2 Natasha


Message History

You barely miss something. Something barely misses you.
You miss something. Something claws you.
You hear some strange, mumbled words.
You feel yourself slow down.
You hit something.
You hear some strange, mumbled words.
You closely miss something. Something claws you.
Something claws you but does no damage.
You closely miss something.
Your magical infusion is running out.
The shadow imp barely misses you. Something claws you but does no damage.
The shadow imp hits you. Something claws you but does no damage.
You barely miss something.
The shadow imp hits you but does no damage.
Something completely misses you. The shadow imp hits you.
You hear some strange, mumbled words.
The shadow imp hits you.
* * * LOW HITPOINT WARNING * * *
Something claws you.
You die...

#†##.##.##....
#.##.##.......
#.##.##..####. #.##.##..# .
######### #.##.##.># .
#.......# ####.........
#.......# #.......###..
#.......## ####...........
#........#####..@..5......#.
#..........†...##5......#...
#.......#########...>...###.
#.......# ######....
###..#### #.<.. #.## (###
#.# # #.# ###.####


You could see 2 shadow imps.

Vanquished Creatures
  Natasha (D:2)
  2 dart slugs (D:1)
  A leopard gecko (D:2)
  A bat (D:2)
  A giant cockroach (D:1)
  6 goblins (D:1)
  3 hobgoblins
  2 jackals (D:2)
  5 kobolds (D:1)
  A frilled lizard (D:1)
  3 rats
26 creatures vanquished.

Notes
Turn   | Place    | Note
-------+----------+-------------------------------------------
     0 | D:1      | fly the Human Skald began the quest for the Orb.
     0 | D:1      | Reached XP level 1. HP: 16/16 MP: 3/3
    91 | D:1      | Reached XP level 2. HP: 18/22 MP: 5/5
   163 | D:1      | Reached skill level 3 in Maces & Flails
   293 | D:1      | Reached XP level 3. HP: 16/27 MP: 2/6
   712 | D:2      | Noticed Natasha
   726 | D:2      | Killed Natasha
   726 | D:2      | Reached skill level 4 in Maces & Flails
   726 | D:2      | Reached XP level 4. HP: 26/33 MP: 2/7
   809 | D:2      | Noticed Natasha
   822 | D:2      | Slain by Natasha

Skill      XL: |  1  2  3 |
---------------+----------+-----
Maces & Flails | 3 4 |  4.2
Fighting       | |  2.0
Armour         | |  1.0
Dodging        | |  2.0
Spellcasting   | |  2.0
Charms         | |  3.0

Action                   |  1- 3 |  4- 6 || total
-------------------------+-------+-------++-------
Melee: Mace              |    60 |    11 ||    71
 Cast: Infusion          |     9 |     1 ||    10
Armor: Leather armour    |     3 |       ||     3
       Ring mail         |     6 |     6 ||    12
Dodge: Dodged            |    39 |     4 ||    43
